 Dungeon Crawl Stone Soup version 0.29.1-1-gd02db6906a (webtiles) character file.

Game seed: 733920380916795300

7541 LustLizard the Carver (level 10, -11/83 HPs)
             Began as a Demonspawn Fighter on Oct 4, 2022.
             Was an Elder of Okawaru.
             Mangled by a boulder beetle (17 damage)
             ... on level 10 of the Dungeon.
             The game lasted 00:20:49 (10509 turns).

LustLizard the Carver (Demonspawn Fighter)         Turns: 10509, Time: 00:20:49

Health: -11/83     AC: 22    Str: 16    XL:     10   Next: 96%
Magic:  10/10      EV:  6    Int: 10    God:    Okawaru [****..]
Gold:   603        SH: 12    Dex: 23    Spells: 9/9 levels left

rFire   . . .      SeeInvis +   x - +7 short sword of Resumed Hostilities {freeze, +Blink rC- rN+ SInv}
rCold   x . .      Faith    .   c - +0 buckler
rNeg    + . .      Spirit   .   z - +3 plate armour {rPois}
rPois   +          Reflect  +   (no helmet)
rElec   .          Harm     .   g - +0 cloak
rCorr   .          Rampage  .   (no gloves)
Will    .....                   Q - +0 pair of boots {Fly}
Stlth   ..........              j - amulet of reflection
HPRegen 0.23/turn               O - +6 ring of dexterity
MPRegen 0.12/turn               T - +4 ring of protection

@: mighty, flying
A: powered by death 1, powered by pain 1, sturdy frame 1, weakness stinger 1
a: Renounce Religion, Evoke Blink, Heroism, Finesse


You were on level 10 of the Dungeon.
You worshipped Okawaru.
Okawaru was greatly pleased with you.
You visited 2 branches of the dungeon, and saw 11 of its levels.
You also visited: Bailey.

You collected 603 gold pieces.

Inventory:

Hand Weapons
 a - a +0 spectral long sword
 x - the +7 short sword of Resumed Hostilities (weapon) {freeze, +Blink rC- rN+ SInv}
   (You found it on level 3 of the Dungeon)

   It freezes those it strikes, dealing additional cold damage.
   It can also slow down cold-blooded creatures.
   rC:        It makes you vulnerable to cold.
   rN:        It protects you from negative energy.
   SInv:      It lets you see invisible.
   +Blink:    It lets you blink.
Missiles
 I - 2 poisoned darts (quivered)
 P - 3 atropa-tipped darts
Armour
 b - a +0 scale mail
 c - a +0 buckler (worn)
 f - a +0 chain mail
 g - a +0 cloak (worn)
 z - a +3 plate armour of poison resistance (worn)
 D - a +0 pair of boots
 Q - a +0 pair of boots of flying (worn)
Jewellery
 j - an amulet of reflection (around neck)
 w - a ring of poison resistance
 C - a ring of positive energy
 G - a +6 ring of dexterity
 M - a ring of magical power
 N - a ring of willpower
 O - a +6 ring of dexterity (left hand)
 T - a +4 ring of protection (right hand)
Wands
 E - a wand of polymorph (13)
 H - a wand of paralysis (15)
Scrolls
 h - a scroll of silence
 i - 2 scrolls of teleportation
 l - a scroll of blinking {unknown}
 m - a scroll of magic mapping
 n - a scroll of immolation
 p - a scroll of butterflies {unknown}
 r - 2 scrolls of enchant armour
 u - a scroll of summoning {unknown}
 y - 3 scrolls of fear {unknown}
 A - a scroll of amnesia {unknown}
 B - 2 scrolls of noise
 F - a scroll of enchant weapon {unknown}
 K - a scroll of brand weapon
 R - 2 scrolls of vulnerability {unknown}
 S - a scroll of poison {unknown}
Potions
 d - 2 potions of might
 e - 2 potions of attraction
 k - 8 potions of curing
 o - 5 potions of degeneration
 q - 2 potions of haste
 s - 3 potions of brilliance
 v - 3 potions of magic
 J - 2 potions of resistance
 L - a potion of ambrosia {unknown}


   Skills:
 + Level 9.1 Fighting
 * Level 11.3 Long Blades
 - Level 6.0 Armour
 - Level 6.0 Shields


You had 9 spell levels left.
You didn't know any spells.
Your spell library contained the following spells:

 Spells                   Type           Power      Damage    Failure   Level
 Scorch                   Fire           0%         2d5       100%        2
 Confusing Touch          Hex            0%         N/A       100%        3
 Stone Arrow              Conj/Erth      0%         3d7       100%        3
 Flame Wave               Conj/Fire      0%         2d4       100%        4
 Passage of Golubria      Tloc           0%         N/A       100%        4
 Yara's Violent Unravell  Hex/Tmut       0%         3d3       100%        5
 Enfeeble                 Hex            0%         N/A       100%        7
 Lehudib's Crystal Spear  Conj/Erth      0%         10d2      100%        8
 Summon Small Mammal      Summ           Unusable   N/A       N/A         1
 Call Canine Familiar     Summ           Unusable   N/A       N/A         3
 Summon Guardian Golem    Hex/Summ       Unusable   N/A       N/A         3
 Tukima's Dance           Hex            Unusable   N/A       N/A         3
 Animate Armour           Summ/Erth      Unusable   N/A       N/A         4
 Summon Cactus Giant      Summ           Unusable   N/A       N/A         6

Dungeon Overview and Level Annotations

Branches:
Dungeon (10/15)            Temple (1/1) D:7             Orc (0/2) D:9
 Bailey (visited)
   Lair: D:8-11

Altars:
Ashenzari
Cheibriados
Dithmenos
Fedhas
Gozag
Hepliaklqana
Kikubaaqudgha
Makhleb
Nemelex Xobeh
Okawaru
Qazlal
Ru
Trog
Uskayaw
Vehumet
Wu Jian
Xom
Yredelemnul


Innate Abilities, Weirdness & Mutations

You regenerate a little health from kills.
You sometimes gain a little power by taking damage.
Your movements are slightly less encumbered by armour. (ER -2)
You have a small tail.


Message History

The boulder beetle is lightly wounded.
You block the boulder beetle's attack.
You barely miss the boulder beetle.
The boulder beetle is lightly wounded.
You hit the boulder beetle but do no damage.
The boulder beetle is lightly wounded.
You block the boulder beetle's attack.
You hit the boulder beetle but do no damage.
The boulder beetle is moderately wounded.
The boulder beetle bites you!
* * * LOW HITPOINT WARNING * * *
The boulder beetle attacks as you move away!
The boulder beetle bites you!
* * * LOW HITPOINT WARNING * * *
You feel much better. The boulder beetle bites you.
* * * LOW HITPOINT WARNING * * *
Throw: 4 darts (poison)
Press: ? - help, Q - select action, (/) - cycle Shift-Dir - straight line, f/p - boulder beetle
Aim: a boulder beetle (moderately wounded, poisoned, 91% to hit)
You throw a poisoned dart.
The poisoned dart hits the boulder beetle.
The boulder beetle looks even sicker.
The boulder beetle is moderately wounded.
The boulder beetle bites you!
* * * LOW HITPOINT WARNING * * *
Throw: 3 darts (poison)
Press: ? - help, Q - select action, (/) - cycle Shift-Dir - straight line, f/p - boulder beetle
Aim: a boulder beetle (moderately wounded, very poisoned, 91% to hit)
You throw a poisoned dart.
The poisoned dart hits the boulder beetle.
The boulder beetle looks even sicker.
The boulder beetle is moderately wounded.
The boulder beetle bites you.
* * * LOW HITPOINT WARNING * * *
Okay, then.
The boulder beetle attacks as you move away!
The boulder beetle bites you but does no damage.
The boulder beetle attacks as you move away!
The boulder beetle bites you!
You die...

...## ....... ... ..!....
... ....... #.# ....... #.#
....... #####.####.......
##..........(..(.(
####.........(.......
.........@B...)......
#############.######.#.....
#...........#.# .#.####
#.####.####)#.# .# #
#.#....#.# .#
#.#.####.####.#.#
#.#...........#
#######.#############
...............


You could see a boulder beetle (very poisoned).

Vanquished Creatures
  A centaur warrior (D:10)
  A two-headed ogre (D:9)
  Prince Ribbit (D:7)
  9 yaks
  2 steam dragons
  Menkaure (D:7)
  An acid dragon (D:8)
  15 orc warriors
  A black bear (D:5)
  An ogre (D:4)
  3 centaurs
  A phantom (D:4)
  3 kobold brigands
  4 bullfrogs
  2 necrophages (D:5)
  2 scorpions
  6 wights
  7 killer bees
  5 howler monkeys
  2 hounds
  2 jellies
  Crazy Yiuf (D:7)
  8 iguanas
  3 orc priests (D:9)
  2 gnoll boudas
  7 orc wizards
  13 gnolls
  6 adders
  An ufetubus (D:5)
  2 worms
  A dart slug (D:2)
  45 orcs
  4 bats
  2 endoplasms (D:1)
  6 giant cockroaches
  11 goblins
  2 hobgoblins
  4 jackals (D:2)
  11 kobolds
  4 quokkas
  6 ball pythons
  4 frilled lizards
  2 rats (D:2)
215 creatures vanquished.

Notes
Turn   | Place    | Note
-------+----------+-------------------------------------------
     0 | D:1      | LustLizard the Demonspawn Fighter began the quest for the
                  | Orb.
     0 | D:1      | Reached XP level 1. HP: 18/18 MP: 1/1
    95 | D:1      | Reached skill level 2 in Long Blades
   279 | D:1      | Gained mutation: You regenerate a little health from kills.
                  | [demonic ancestry]
   279 | D:1      | Reached XP level 2. HP: 24/24 MP: 2/2
   698 | D:2      | Reached XP level 3. HP: 29/29 MP: 3/3
  1659 | D:3      | Found a faded altar of an unknown god.
  1675 | D:3      | Reached XP level 4. HP: 35/35 MP: 4/4
  1724 | D:3      | Reached skill level 3 in Long Blades
  1844 | D:3      | Identified the +7 short sword of Resumed Hostilities
                  | {freeze, +Blink rC- rN+ SInv}
  1863 | D:3      | Found a hide-covered altar of Uskayaw.
  2163 | D:4      | Noticed a scorpion
  2168 | D:3      | Killed a scorpion
  2169 | D:3      | Gained mutation: You have a small tail. [demonic ancestry]
  2169 | D:3      | Reached XP level 5. HP: 42/42 MP: 5/5
  2195 | D:4      | Noticed an ogre
  2301 | D:4      | Reached XP level 6. HP: 48/48 MP: 6/6
  2352 | D:4      | Reached skill level 4 in Long Blades
  2702 | D:4      | Reached XP level 7. HP: 30/55 MP: 7/7
  2936 | D:4      | Found an opulent altar of Gozag.
  3146 | D:5      | Entered Level 5 of the Dungeon
  3189 | D:5      | Reached skill level 5 in Long Blades
  3519 | D:5      | Reached skill level 5 in Fighting
  3853 | D:6      | Gained mutation: Your movements are slightly less
                  | encumbered by armour. (ER -2) [demonic ancestry]
  3853 | D:6      | Reached XP level 8. HP: 60/62 MP: 8/8
  3862 | D:6      | Identified the +7 whip of Howa {vorpal, *Slow rF+ Str+7}
  4109 | D:6      | Reached skill level 6 in Long Blades
  4218 | D:6      | Found a shadowy altar of Dithmenos.
  4242 | D:6      | Reached skill level 5 in Armour
  4436 | D:6      | Reached skill level 5 in Shields
  4763 | D:7      | Found a shimmering altar of Xom.
  4766 | D:7      | Found a shimmering altar of Xom.
  4766 | D:7      | Found a shimmering altar of Xom.
  4769 | D:7      | Found a shimmering altar of Xom.
  4769 | D:7      | Found a shimmering altar of Xom.
  4770 | D:7      | Found a shimmering altar of Xom.
  4810 | D:7      | Noticed Prince Ribbit
  4820 | D:7      | Killed Prince Ribbit
  5032 | D:7      | Found a staircase to the Ecumenical Temple.
  5043 | Temple   | Entered the Ecumenical Temple
  5193 | Temple   | Became a worshipper of Warmaster Okawaru
  5399 | D:7      | Noticed Menkaure
  5445 | D:7      | Killed Menkaure
  5446 | D:7      | Reached skill level 7 in Long Blades
  5499 | D:7      | Found a runed translucent door.
  5500 | D:7      | Noticed Crazy Yiuf
  5543 | D:7      | Reached XP level 9. HP: 69/69 MP: 9/9
  5864 | D:7      | Found a bloodstained altar of Trog.
  6191 | D:7      | Found a blossoming altar of Fedhas.
  6283 | D:7      | Killed Crazy Yiuf
  6349 | D:8      | Found a flagged portal.
  6363 | Bailey   | Entered a bailey
  7000 | Bailey   | HP: 3/70 [orc warrior/+0 trident (12)]
  7003 | Bailey   | HP: 1/70 [orc warrior/+0 spear (2)]
  7039 | Bailey   | Reached * piety under Okawaru
  7315 | Bailey   | Reached skill level 8 in Long Blades
  8677 | D:8      | Reached skill level 9 in Long Blades
  8964 | D:9      | Reached ** piety under Okawaru
  8965 | D:9      | Gained mutation: You sometimes gain a little power by
                  | taking damage. [demonic ancestry]
  8965 | D:9      | Reached XP level 10. HP: 72/79 MP: 10/10
  9068 | D:9      | Found a staircase to the Orcish Mines.
  9325 | D:9      | Reached skill level 10 in Long Blades
  9672 | D:9      | Reached *** piety under Okawaru
  9681 | D:9      | Noticed a two-headed ogre
  9710 | D:9      | Killed a two-headed ogre
 10088 | D:9      | Found a sacrificial altar of Ru.
 10127 | D:10     | Entered Level 10 of the Dungeon
 10194 | D:10     | Noticed a centaur warrior
 10204 | D:10     | Reached **** piety under Okawaru
 10205 | D:10     | Reached skill level 11 in Long Blades
 10258 | D:10     | Killed a centaur warrior
 10490 | D:10     | Noticed a boulder beetle
 10509 | D:10     | Mangled by a boulder beetle

Illustrated notes

Levels and vault maps discovered:
D:1:      psy_arrival_dodecagon, layout_basic
D:2:      layout_loops_ring
D:3:      layout_rooms, mainiacjoe_overflow_24_doors,
          hellmonk_ecumenical_altar_heavens_door
D:4:      layout_gridville, grunt_temple_overflow_open
D:5:      layout_basic
D:6:      layout_cave_pools, grunt_dithmenos_smoke
D:7:      layout_basic, xom_redecorated, mainiacjoe_overflow_big_doors,
          minmay_temple_entry_statues_pillars, uniq_prince_ribbit1,
          uniq_crazy_yiuf_cottage, uniq_menkaure
D:8:      layout_basic, enter_bailey_5
D:9:      layout_long_grid, nicolae_overflow_hidden_temple, david_orc_4,
          minmay_circle_x
D:10:     layout_rooms, special_room [special_room_bee], roderic_lattice_a,
          uniq_gastronok
Temple:   oiseaux_autumnal_temple

Skill      XL: |  1  2  3  4  5  6  7  8  9 10 |
---------------+-------------------------------+-----
Long Blades    | 2 3 4 5 7 9 11 | 11.3
Armour         | 3 4 5 6 |  6.0
Shields        | 3 4 5 6 |  6.0
Fighting       | 4 5 6 7 9 |  9.1

Action                   |  1- 3 |  4- 6 |  7- 9 | 10-12 || total
-------------------------+-------+-------+-------+-------++-------
Melee: Long sword        |   130 |    26 |       |       ||   156
       Short sword       |       |    73 |   354 |   205 ||   632
       Tailslap          |       |    12 |    70 |    42 ||   124
Throw: Dart              |       |       |     9 |    11 ||    20
Invok: Heroism           |       |       |       |     1 ||     1
Evoke: Wand              |       |       |     6 |       ||     6
  Use: Scroll            |       |     5 |    10 |       ||    15
       Potion            |       |       |     1 |     1 ||     2
 Stab: Invisible         |       |       |     1 |       ||     1
Armor: Chain mail        |    82 |    34 |    75 |       ||   191
       Plate armour      |       |       |    45 |    69 ||   114
Dodge: Dodged            |    41 |    23 |    74 |    32 ||   170
Block: Buckler           |    46 |    32 |   198 |   107 ||   383
       Reflection        |     2 |     2 |     1 |     9 ||    14
